PIO (24 & UNDER)
SALEM SLEDGEHAMMERS @ JASPER COUGARS
06/25/2028
 
TOP OF THE 1ST
Salem Sledgehammers batting - Pitching for Jasper Cougars : RHP António Peña
Pitching: RHP António Peña
Batting: RHB Ben Simpson 0-0: Foul Ball, location: 2F
0-1: Swinging Strike
0-2: Ball
1-2: Foul Ball, location: 2F
1-2: Foul Ball, location: 2F
1-2: Foul Ball, location: 2F
1-2: Ball
2-2: Strikes out looking
Batting: RHB José González 0-0: Called Strike
0-1: Ball
1-1: Foul Ball, location: 2F
1-2: Ball
2-2: Foul Ball, location: 2F
2-2: Strikes out looking
Batting: RHB John Burton 0-0: Ball
1-0: Ball
2-0: Called Strike
2-1: Foul Ball, location: 2F
2-2: Ball
3-2: Foul Ball, location: 2F
3-2: Strikes out looking
Top of the 1st over - 0 run(s), 0 hit(s), 0 error(s), 0 left on base; Salem 0 - Jasper 0
BOTTOM OF THE 1ST
Jasper Cougars batting - Pitching for Salem Sledgehammers : RHP Máximo Salazar
Pitching: RHP Máximo Salazar
Batting: LHB Darren Holland 0-0: Ground out 4-3 (Groundball, 4)
Batting: RHB Bob Cole 0-0: Ball
1-0: Ground out 6-3 (Groundball, 6)
Batting: LHB Jon Rogers 0-0: Swinging Strike
0-1: Called Strike
0-2: Ball
1-2: Ball
2-2: SINGLE (Groundball, 56D)
Batting: LHB John Stone 0-0: Called Strike
0-1: Swinging Strike
0-2: Fly out, F9 (Flyball, 89M)
Bottom of the 1st over - 0 run(s), 1 hit(s), 0 error(s), 1 left on base; Salem 0 - Jasper 0
TOP OF THE 2ND
Salem Sledgehammers batting - Pitching for Jasper Cougars : RHP António Peña
Batting: RHB Juan Morales 0-0: Ball
1-0: Ball
2-0: SOLO HOME RUN (Line Drive, 7LD), Distance : 338 ft
Batting: SHB Ángel Estrada 0-0: Ball
1-0: Foul Ball, location: 2F
1-1: Ball
2-1: Ball
3-1: Swinging Strike
3-2: Strikes out swinging
Batting: RHB Rich Crabtree 0-0: SINGLE (Groundball, 4S) (infield hit)
Batting: RHB Roberto Landavazo 0-0: Called Strike
0-1: Ball
1-1: Ball
2-1: Foul Ball, location: 2F
2-2: Strikes out swinging
Batting: RHB Erik Carter 0-0: Foul Ball, location: 2F
0-1: Ball
1-1: Swinging Strike
1-2: Ball
2-2: Ball
3-2: Ground out 5-3 (Groundball, 56)
Top of the 2nd over - 1 run(s), 2 hit(s), 0 error(s), 1 left on base; Salem 1 - Jasper 0
BOTTOM OF THE 2ND
Jasper Cougars batting - Pitching for Salem Sledgehammers : RHP Máximo Salazar
Batting: RHB Juan Carlos 0-0: Fly out, F8 (Flyball, 8RS)
Batting: LHB Tony Beck 0-0: SINGLE (Flyball, 7S)
Batting: RHB Ben Wilson 0-0: Ball
1-0: Ball
2-0: Called Strike
2-1: Swinging Strike
2-2: Ball
3-2: Foul Ball, location: 2F
3-2: Strikes out swinging
Batting: RHB José Ortega 0-0: Ball
1-0: Ball
2-0: Ball
3-0: Base on Balls
Tony Beck to second
Batting: RHB Scott McGuire 0-0: Called Strike
0-1: Ball
1-1: Ball
2-1: Ball
3-1: Called Strike
3-2: Strikes out looking
Bottom of the 2nd over - 0 run(s), 1 hit(s), 0 error(s), 2 left on base; Salem 1 - Jasper 0
TOP OF THE 3RD
Salem Sledgehammers batting - Pitching for Jasper Cougars : RHP António Peña
Batting: RHB José Cortés 0-0: Called Strike
0-1: Foul Ball, location: 2F
0-2: Hit by Pitch
Batting: RHB Ben Simpson 0-0: Foul Ball, location: 2F
0-1: Ball
1-1: Ball
2-1: Ball
3-1: SINGLE (Line Drive, 6MD)
José Cortés to second
Batting: RHB José González 0-0: Ball
1-0: Ball
2-0: Fly out, F8 (Flyball, 8LS)
Batting: RHB John Burton 0-0: Called Strike
0-1: Swinging Strike
0-2: Strikes out looking
Batting: RHB Juan Morales 0-0: Called Strike
0-1: Foul Ball, location: 2F
0-2: Ball
1-2: Strikes out swinging
Top of the 3rd over - 0 run(s), 1 hit(s), 0 error(s), 2 left on base; Salem 1 - Jasper 0
BOTTOM OF THE 3RD
Jasper Cougars batting - Pitching for Salem Sledgehammers : RHP Máximo Salazar
Batting: LHB Darren Holland 0-0: Foul Ball, location: 2F
0-1: Foul Ball, location: 2F
0-2: Ball
1-2: Ball
2-2: Foul Ball, location: 2F
2-2: Foul Ball, location: 2F
2-2: Ball
3-2: Base on Balls
Batting: RHB Bob Cole 0-0: Ball
1-0: Called Strike
1-1: Ball
2-1: Ball
3-1: Base on Balls
Darren Holland to second
Batting: LHB Jon Rogers 0-0: Ball
1-0: Ball
2-0: Called Strike
2-1: Ball
3-1: Base on Balls
Darren Holland to third
Bob Cole to second
Batting: LHB John Stone 0-0: Called Strike
0-1: Foul Ball, location: 2F
0-2: Ball
1-2: Strikes out swinging
Batting: RHB Juan Carlos 0-0: Called Strike
0-1: Ball
1-1: TRIPLE (Line Drive, 89M)
Darren Holland scores
Bob Cole scores
Jon Rogers scores
Batting: LHB Tony Beck 0-0: Swinging Strike
0-1: Ball
1-1: Ball
2-1: Foul Ball, location: 2F
2-2: Strikes out swinging
Batting: RHB Ben Wilson 0-0: Called Strike
0-1: Foul Ball, location: 2F
0-2: Fly out, F9 (Flyball, 9)
Bottom of the 3rd over - 3 run(s), 1 hit(s), 0 error(s), 1 left on base; Salem 1 - Jasper 3
TOP OF THE 4TH
Salem Sledgehammers batting - Pitching for Jasper Cougars : RHP António Peña
Batting: SHB Ángel Estrada 0-0: Called Strike
0-1: Ball
1-1: Foul Ball, location: 2F
1-2: Ball
2-2: Ground out 5-3 (Groundball, 56)
Batting: RHB Rich Crabtree 0-0: Ball
1-0: Ball
2-0: SINGLE (Groundball, 5D)
Batting: RHB Roberto Landavazo 0-0: Called Strike
0-1: Ball
1-1: Called Strike
1-2: Ball
2-2: Strikes out swinging
Batting: RHB Erik Carter 0-0: Ball
1-0: Called Strike
1-1: SINGLE (Groundball, 56D)
Rich Crabtree to second
Batting: RHB José Cortés 0-0: Ball
1-0: Ball
2-0: Fly out, F9 (Flyball, 89S)
Top of the 4th over - 0 run(s), 2 hit(s), 0 error(s), 2 left on base; Salem 1 - Jasper 3
BOTTOM OF THE 4TH
Jasper Cougars batting - Pitching for Salem Sledgehammers : RHP Máximo Salazar
Batting: RHB José Ortega 0-0: Ball
1-0: Called Strike
1-1: Ball
2-1: Ball
3-1: Base on Balls
Batting: RHB Scott McGuire 0-0: Ball
1-0: Foul Ball, location: 2F
1-1: Ball
2-1: Foul Ball, location: 2F
2-2: Foul Ball, location: 2F
2-2: Reached on error, E1 (Groundball, 13S)
José Ortega to second
Batting: LHB Darren Holland 0-0: Called Strike
0-1: Foul Ball, location: 2F
0-2: Ball
1-2: 3-RUN HOME RUN (Flyball, 89XD), Distance : 398 ft
Pitching: LHP Luis Ramírez
Batting: RHB Bob Cole 0-0: Ball
1-0: Ball
2-0: Called Strike
2-1: Ball
3-1: Base on Balls
Batting: LHB Jon Rogers 0-0: Swinging Strike
0-1: Fielders Choice at 2nd, 4-6 (Groundball, 4)
Batting: LHB John Stone 0-0: Ball
1-0: Ball
2-0: Foul Ball, location: 2F
2-1: Called Strike
2-2: Strikes out swinging
Batting: RHB Juan Carlos 0-0: Ball
1-0: Ball
2-0: SINGLE (Line Drive, 8LS)
Jon Rogers to second
Batting: LHB Tony Beck 0-0: Ball
1-0: Ball
2-0: Ball
3-0: Called Strike
3-1: Fly out, F8 (Line Drive, 8RM)
Bottom of the 4th over - 3 run(s), 2 hit(s), 1 error(s), 2 left on base; Salem 1 - Jasper 6
TOP OF THE 5TH
Salem Sledgehammers batting - Pitching for Jasper Cougars : RHP António Peña
Batting: RHB Ben Simpson 0-0: Swinging Strike
0-1: Swinging Strike
0-2: Ball
1-2: Foul Ball, location: 2F
1-2: Foul Ball, location: 2F
1-2: Ball
2-2: Strikes out swinging
Pitching: LHP Robert Williams
Batting: RHB José González 0-0: Foul Ball, location: 2F
0-1: Ball
1-1: Ball
2-1: Fly out, F4 (Line Drive, 4D)
Batting: RHB John Burton 0-0: Foul Ball, location: 2F
0-1: Called Strike
0-2: Ball
1-2: Ball
2-2: Fly out, F8 (Line Drive, 8LM)
Top of the 5th over - 0 run(s), 0 hit(s), 0 error(s), 0 left on base; Salem 1 - Jasper 6
BOTTOM OF THE 5TH
Jasper Cougars batting - Pitching for Salem Sledgehammers : LHP Luis Ramírez
Batting: RHB Ben Wilson 0-0: Foul Ball, location: 2F
0-1: Fly out, F4 (Popup, 4S)
Batting: RHB José Ortega 0-0: Ball
1-0: Foul Ball, location: 2F
1-1: Called Strike
1-2: Strikes out looking
Batting: RHB Scott McGuire 0-0: Called Strike
0-1: SINGLE (Groundball, 56D)
Batting: LHB Darren Holland 0-0: Ball
1-0: Swinging Strike
1-1: Swinging Strike
1-2: Strikes out swinging
Bottom of the 5th over - 0 run(s), 1 hit(s), 0 error(s), 1 left on base; Salem 1 - Jasper 6
TOP OF THE 6TH
Salem Sledgehammers batting - Pitching for Jasper Cougars : LHP Robert Williams
Batting: RHB Juan Morales 0-0: Ball
1-0: Ball
2-0: Called Strike
2-1: Ball
3-1: Base on Balls
Batting: SHB Ángel Estrada 0-0: Called Strike
0-1: Called Strike
0-2: Ball
1-2: Foul Ball, location: 2F
1-2: Strikes out looking
Batting: RHB Rich Crabtree 0-0: Foul Ball, location: 2F
0-1: SINGLE (Flyball, 8LS)
Juan Morales to second
Batting: RHB Roberto Landavazo 0-0: Ball
Juan Morales steals 3rd base
Rich Crabtree to second
1-0: Swinging Strike
1-1: Foul Ball, location: 2F
1-2: Strikes out swinging
Batting: RHB Erik Carter 0-0: Ball
1-0: Called Strike
1-1: Swinging Strike
1-2: Strikes out looking
Top of the 6th over - 0 run(s), 1 hit(s), 0 error(s), 2 left on base; Salem 1 - Jasper 6
BOTTOM OF THE 6TH
Jasper Cougars batting - Pitching for Salem Sledgehammers : LHP Luis Ramírez
Batting: RHB Bob Cole 0-0: Ball
1-0: Called Strike
1-1: Swinging Strike
1-2: Ball
2-2: Ball
3-2: Strikes out swinging
Batting: LHB Jon Rogers 0-0: Foul Ball, location: 2F
0-1: Ball
1-1: Foul Ball, location: 2F
1-2: Ball
2-2: Foul Ball, location: 2F
2-2: Strikes out swinging
Batting: LHB John Stone 0-0: Called Strike
0-1: Ball
1-1: Foul Ball, location: 2F
1-2: Ball
2-2: Ball
3-2: Foul Ball, location: 2F
3-2: Foul Ball, location: 2F
3-2: Base on Balls
Batting: RHB Juan Carlos 0-0: Called Strike
0-1: Called Strike
0-2: Fielders Choice at 2nd, 6-4 (Groundball, 6D)
Bottom of the 6th over - 0 run(s), 0 hit(s), 0 error(s), 0 left on base; Salem 1 - Jasper 6
TOP OF THE 7TH
Salem Sledgehammers batting - Pitching for Jasper Cougars : LHP Robert Williams
Batting: RHB José Cortés 0-0: Ball
1-0: Ball
2-0: Called Strike
2-1: Swinging Strike
2-2: SINGLE (Groundball, 6MD)
Batting: RHB Ben Simpson 0-0: Ball
1-0: Swinging Strike
1-1: Called Strike
1-2: Ball
2-2: Strikes out looking
Pitching: RHP Francisco Pagán
Batting: RHB José González 0-0: Ball
1-0: Foul Ball, location: 2F
1-1: Ball
2-1: Ball
3-1: Foul Ball, location: 2F
3-2: Strikes out looking
Batting: RHB John Burton 0-0: Ball
1-0: SINGLE (Line Drive, 6MD)
José Cortés to second
Batting: RHB Juan Morales 0-0: Called Strike
0-1: Fly out, F9 (Flyball, 89D)
Top of the 7th over - 0 run(s), 2 hit(s), 0 error(s), 2 left on base; Salem 1 - Jasper 6
BOTTOM OF THE 7TH
Jasper Cougars batting - Pitching for Salem Sledgehammers : LHP Luis Ramírez
Batting: LHB Tony Beck 0-0: Ground out 4-3 (Groundball, 4)
Batting: RHB Ben Wilson 0-0: Ball
1-0: Called Strike
1-1: Ball
2-1: Ball
3-1: Base on Balls
Batting: RHB José Ortega 0-0: Called Strike
0-1: Ball
1-1: Ball
2-1: Ball
3-1: SINGLE (Groundball, 34D)
Ben Wilson to second
Runner from 2nd tries for 3rd, SAFE, throw made to third
Pitching: RHP Felipe Madrid
Batting: RHB Scott McGuire 0-0: Ball
1-0: Ball
2-0: Foul Ball, location: 2F
2-1: Called Strike
2-2: DOUBLE (Line Drive, 89M)
Ben Wilson scores
José Ortega to third
Batting: LHB Darren Holland 0-0: Ground out U3 (Groundball, 3S)
Batting: RHB Bob Cole 0-0: Ball
1-0: Swinging Strike
1-1: Fly out, F9 (Flyball, 9LS)
Bottom of the 7th over - 1 run(s), 2 hit(s), 0 error(s), 2 left on base; Salem 1 - Jasper 7
TOP OF THE 8TH
Salem Sledgehammers batting - Pitching for Jasper Cougars : RHP Francisco Pagán
Batting: SHB Ángel Estrada 0-0: Ball
1-0: Called Strike
1-1: Called Strike
1-2: Strikes out swinging
Batting: RHB Rich Crabtree 0-0: Foul Ball, location: 2F
0-1: Ball
1-1: Ground out 5-3 (Groundball, 56S)
Batting: RHB Roberto Landavazo 0-0: Hit by Pitch
Batting: RHB Erik Carter 0-0: Foul Ball, location: 2F
0-1: Swinging Strike
0-2: Ball
1-2: Strikes out looking
Top of the 8th over - 0 run(s), 0 hit(s), 0 error(s), 1 left on base; Salem 1 - Jasper 7
BOTTOM OF THE 8TH
Jasper Cougars batting - Pitching for Salem Sledgehammers : RHP Felipe Madrid
Batting: LHB Jon Rogers 0-0: Swinging Strike
0-1: Ball
1-1: Ball
2-1: Ball
3-1: Called Strike
3-2: Base on Balls
Batting: LHB John Stone 0-0: Ball
1-0: Called Strike
Jon Rogers steals 2nd base
1-1: Ball
2-1: DOUBLE (Groundball, 5L)
Jon Rogers scores
Batting: RHB Juan Carlos 0-0: Swinging Strike
0-1: Ball
1-1: Called Strike
1-2: Ball
2-2: Ball
3-2: Strikes out swinging
Batting: LHB Tony Beck 0-0: Ball
John Stone steals 3rd base
1-0: Swinging Strike
1-1: Ball
2-1: Called Strike
2-2: Fly out, F8 (Flyball, 8LD)
Runner from 3rd tags up, SCORES, no throw
Batting: RHB Ben Wilson 0-0: Ground out 4-3 (Groundball, 34)
Bottom of the 8th over - 2 run(s), 1 hit(s), 0 error(s), 0 left on base; Salem 1 - Jasper 9
TOP OF THE 9TH
Salem Sledgehammers batting - Pitching for Jasper Cougars : RHP Francisco Pagán
Batting: RHB José Cortés 0-0: Foul Ball, location: 2F
0-1: Fly out, F9 (Line Drive, 9)
Batting: RHB Ben Simpson 0-0: Called Strike
0-1: Ball
1-1: Ball
2-1: Ball
3-1: Base on Balls
Batting: RHB José González 0-0: Swinging Strike
0-1: Swinging Strike
0-2: Ball
1-2: Ball
2-2: Strikes out swinging
Batting: RHB John Burton 0-0: Called Strike
0-1: Ball
1-1: Ball
2-1: Foul Ball, location: 2F
2-2: Foul Ball, location: 2F
2-2: Foul Ball, location: 2F
2-2: Ground out 6-3 (Groundball, 6)
Top of the 9th over - 0 run(s), 0 hit(s), 0 error(s), 1 left on base; Salem 1 - Jasper 9
Tuesday, August 8th, 2017 - OOTP Baseball 17.12 Build 75